AoeStats
← Sombra Nocturna Enroscada

Arabia

510398943Analyzed
1v1 RM · 18h ago on Sep 30, 2026· 55m 28s· 2 players
Game mode
Random Map
Map size
Tiny (2 player)
Population
200
Speed
Normal
Resources
Standard
Victory
Conquest
Starting age
Dark Age
Ending age
Imperial Age
RankedLock teamsTeams togetherTeam positionsShared explorationLock speedFull tech treeHidden civsTurbo modeCheats
Victory
Defeat
🇳🇿 Maya · New Zealand
907
+15
🇦🇷 Franks · Argentina
892
-15
Sombra Nocturna Enroscada
10:04 Feudal Age
10:34 Double-Bit Axe
11:23 Loom
15:21 Wheelbarrow
19:05 Castle Age
18:39 Fletching
26:28 Gold Mining
27:17 Stone Mining
30:42 Imperial Age
29:01 Hand Cart
31:43 Bow Saw
32:11 Gold Shaft Mining
31:34 Bodkin Arrow
33:24 Chemistry
32:47 Ballistics
33:34 Cavalier
34:20 Scale Mail Armor
34:30 Forging
34:29 Scale Barding Armor
35:50 Iron Casting
35:13 Murder Holes
35:29 Masonry
35:06 Arrowslits
35:02 Treadmill Crane
36:40 Husbandry
37:03 Chain Barding Armor
38:22 Blast Furnace
37:15 Guard Tower
37:45 Town Watch
39:48 Architecture
42:07 Town Patrol
44:07 Elite Skirmisher
51:45 Elite Throwing Axeman
Wrecking Ball Paul
0:36 Loom
11:23 Feudal Age
14:30 Fletching
15:04 Horse Collar
16:31 Scale Mail Armor
23:32 Castle Age
22:58 Padded Archer Armor
23:06 Gold Mining
23:38 Eagle Warrior
24:20 Squires
25:17 Wheelbarrow
24:29 Town Watch
24:09 Crossbowman
24:54 Arson
25:50 Bodkin Arrow
27:02 Double-Bit Axe
27:22 Heavy Plow
29:01 Leather Archer Armor
29:02 Chain Mail Armor
29:29 Sanctity
35:33 Imperial Age
33:21 Hand Cart
36:29 Bracer
36:56 Ballistics
38:09 Bow Saw
38:23 Block Printing
38:20 Fervor
39:59 Elite Eagle Warrior
41:54 Arbalester
42:39 Thumb Ring
44:39 Capped Ram
47:48 Holcans
47:55 Ring Archer Armor
48:28 Chemistry
47:09 Treadmill Crane
47:40 Masonry
49:10 Siege Ram
51:40 Plate Mail Armor
51:20 Forging
Connection lost

Rejoining the realm…

Still unreachable

The connection could not be restored.

Session expired

The server has moved on; the page needs a fresh start.